 Dungeon Crawl Stone Soup version 0.20.1-1-g8b1a95d (webtiles) character file.

81 dohliylev the Sneak (level 4, 0/32 HPs)
             Began as a Vampire Enchanter on July 15, 2017.
             Slain by a hound skeleton (4 damage)
             ... on level 4 of the Dungeon.
             The game lasted 00:06:30 (1883 turns).

dohliylev the Sneak (Vampire Enchanter)             Turns: 1883, Time: 00:06:31

Health: 0/32       AC:  2    Str:  7    XL:     4   Next: 19%
Magic:  2/7        EV: 12    Int: 18    God:
Gold:   183        SH:  0    Dex: 14    Spells: 1/7 levels left

rFire    . . .     SeeInvis +   a - +1 dagger
rCold    . . .     Gourm    .   (no shield)
rNeg     + . .     Faith    .   b - +0 robe
rPois    .         Spirit   .   (no helmet)
rElec    .         Reflect  .   (no cloak)
rCorr    .         Harm     .   (no gloves)
MR       .....                  (no boots)
Stlth    +++.......             (no amulet)
Regen    0.1/turn               (no ring)
MPRegen  0.1/turn               (no ring)

@: no status effects
A: fangs 3, see invisible, unbreathing
a: Bat Form


You were on level 4 of the Dungeon.
You were not thirsty.

You visited 1 branch of the dungeon, and saw 4 of its levels.

You collected 183 gold pieces.

Inventory:

Hand Weapons
 a - a +1 dagger (weapon)
Armour
 b - a +0 robe (worn)
Jewellery
 o - a cursed -3 ring of intelligence {unknown}
Scrolls
 e - 4 scrolls of teleportation {unknown}
 f - 3 scrolls of amnesia {unknown}
 g - 5 scrolls of identify {unknown}
 h - 2 scrolls of remove curse {unknown}
 i - a scroll of fear {unknown}
 j - a scroll of enchant armour {unknown}
 k - a scroll of blinking {unknown}
 l - a scroll of fog {unknown}
Potions
 d - 5 potions of blood
 m - a potion of brilliance {unknown}
 n - a potion of might {unknown}
Books
 c - a book of Maledictions

   Spells                             Type                      Level
   a - Corona                         Hexes                        1
   b - Ensorcelled Hibernation        Hexes/Ice                    2
   c - Confuse                        Hexes                        3
   d - Tukima's Dance                 Hexes                        3
   e - Dazzling Spray                 Conjuration/Hexes            3


   Skills:
 - Level 1.1 Fighting
 + Level 2.3 Short Blades
 - Level 2.1 Dodging
 + Level 6.2 Stealth
 - Level 2.0 Spellcasting
 - Level 4.4 Hexes
 - Level 1.0 Ice Magic


You had one spell level left.
You knew the following spells:

 Your Spells              Type           Power        Failure   Level  Hunger
a - Corona                Hex            ###....      3%          1    #......
b - Ensorcelled Hibernat  Hex/Ice        ##....       9%          2    ###....
c - Confuse               Hex            ###.....     9%          3    ###....


Dungeon Overview and Level Annotations

Branches:
Dungeon (4/15)
 Temple: D:4-7

Altars:
Fedhas
Okawaru

Annotations:
D:3 Grinder


Innate Abilities, Weirdness & Mutations

You have razor-sharp teeth.
You have supernaturally acute eyesight. (SInv)
You can survive without breathing.


Message History

The hound skeleton barely misses you.
You hit the hound skeleton.
The hound skeleton is severely damaged.
The hound skeleton barely misses you.
You hit the hound skeleton.
The hound skeleton is severely damaged.
The hound skeleton barely misses you.
Casting: Confuse
Confirm with . or Enter, or press ? or * to list all spells.
You don't have enough magic to cast that spell.
Firing (i - inventory): No suitable missiles.
Press: ? - help, Shift-Dir - straight line, f - hound skeleton
Aim: a hound skeleton (severely damaged)
Okay, then.
The hound skeleton completely misses you.
Found a stone staircase leading up.
You hit the hound skeleton.
The hound skeleton is almost destroyed.
The hound skeleton bites you.
You die...

....########
#..........##
............####
...............# ##
...................
.......<..(...[....
...........#.......
..........###...<..
...>......Z@.......
........#.).).#....
.......##.._..# .
#...... #.!.).#
###.... ........
#####...###....
##... ..... ##.
.####


You could see a hound skeleton.

Vanquished Creatures
  Jessica (D:2)
  An adder (D:3)
  2 worms
  2 dart slugs (D:1)
  A bat (D:1)
  4 giant cockroaches
  3 goblins
  4 hobgoblins
  2 quokkas
  A ball python (D:2)
  4 frilled lizards
  7 kobolds
  7 rats
39 creatures vanquished.

Notes
Turn   | Place    | Note
-------+----------+-------------------------------------------
     0 | D:1      | dohliylev the Vampire Enchanter began the quest for the Orb.
     0 | D:1      | Reached XP level 1. HP: 13/13 MP: 3/3
   157 | D:1      | Reached skill level 5 in Stealth
   157 | D:1      | Reached XP level 2. HP: 20/20 MP: 3/5
   164 | D:1      | Learned a level 2 spell: Ensorcelled Hibernation
   793 | D:2      | Found a blossoming altar of Fedhas.
   796 | D:2      | Noticed Jessica
   870 | D:2      | Reached skill level 1 in Fighting
   966 | D:2      | Killed Jessica
   966 | D:2      | Reached XP level 3. HP: 26/26 MP: 1/6
  1461 | D:2      | Reached skill level 6 in Stealth
  1700 | D:3      | Reached skill level 1 in Ice Magic
  1700 | D:3      | Reached XP level 4. HP: 32/32 MP: 7/7
  1828 | D:3      | Noticed Grinder
  1838 | D:3      | Learned a level 3 spell: Confuse
  1838 | D:3      | Paralysed by Grinder for 3 turns
  1869 | D:4      | Found an iron altar of Okawaru.
  1883 | D:4      | Slain by a hound skeleton

Skill      XL: |  1  2  3 |
---------------+----------+-----
Stealth        | 5 6 |  6.2
Fighting       | 1 |  1.1
Short Blades   | 2 |  2.3
Ice Magic      | 1 |  1.0
Dodging        | |  2.1
Spellcasting   | |  2.0
Hexes          | |  4.4

Action                   |  1- 3 |  4- 6 || total
-------------------------+-------+-------++-------
Melee: Dagger            |    94 |    24 ||   118
       Bite              |     4 |     1 ||     5
 Cast: Corona            |     4 |       ||     4
       Ensorcelled Hiber |    15 |     4 ||    19
       Confuse           |       |     2 ||     2
 Stab: Sleeping          |    15 |     3 ||    18
       Distracted        |     2 |       ||     2
       Confused          |       |     1 ||     1
  Eat: Corpse            |    12 |       ||    12
Armor: Robe              |    22 |       ||    22
Dodge: Dodged            |    65 |     9 ||    74
